 Dungeon Crawl Stone Soup version 0.31-a0-263-ge8cad7f256 (webtiles) character file.

Game seed: 12156352624544003766

5 rabbitsville the Trooper (level 1, -5/18 (20) HPs)
             Began as a Hill Orc Fighter on July 14, 2023.
             Slain by a hobgoblin
             ... wielding a +0 hand axe
              (6 damage)
             ... on level 1 of the Dungeon.
             The game lasted 00:00:18 (102 turns).

rabbitsville the Trooper (Hill Orc Fighter)          Turns: 102, Time: 00:00:19

HP:   -5/18 (20)    AC:  6    Str: 18    XL:     1   Next: 80%
MP:   1/1           EV:  9    Int:  8    God:
Gold: 7             SH:  4    Dex: 10    Spells: 0/0 levels left

rFire   . . .        a - +0 war axe
rCold   . . .        c - +0 buckler
rNeg    . . .        b - +0 scale mail
rPois   .            (no helmet)
rElec   .            (no cloak)
rCorr   .            (no gloves)
SInv    .            (no boots)
Will    .....        (no amulet) Stlth
                     (no ring)
HPRegen 0.23/turn    (no ring)
MPRegen 0.07/turn

%: no passive effects
@: heavily drained
A: no striking features
a: no special abilities


You were on level 1 of the Dungeon.
You visited 1 branch of the dungeon, and saw 1 of its levels.

You collected 7 gold pieces.

Inventory:

Hand Weapons
 a - a +0 war axe (weapon)
Armour
 b - a +0 scale mail (worn)
 c - a +0 buckler (worn)
Potions
 d - a potion of might


   Skills:
 * Level 3.8 Fighting
 * Level 3.0 Axes
 - Level 3.2 Armour
 + Level 3.3 Shields


You couldn't memorise any spells.
You didn't know any spells.
Your spell library was empty.

Dungeon Overview and Level Annotations

Branches:
Dungeon (1/15)

Altars:


Message History

Items here: ( )) †.
You feel sick.
You feel sick.
You see here 7 gold pieces.
You now have 7 gold pieces.
You feel sick.
You feel sick.
You are no longer poisoned.
A kobold is nearby!
The kobold hits you but does no damage.
You feel drained.
You hit the kobold.
The kobold is severely wounded.
The kobold hits you but does no damage.
You feel drained.
You barely miss the kobold.
The kobold is severely wounded.
The kobold hits you with a +1 short sword of draining.
You feel drained. The kobold completely misses you.
You slash the kobold!
You kill the kobold!
Your Axes skill increases to level 3!
Things that are here:
a +1 short sword of draining; a kobold corpse A hobgoblin comes into view.
It is wielding a +0 hand axe.
You completely miss the hobgoblin.
The hobgoblin hits you with a +0 hand axe.
The hobgoblin closely misses you.
You closely miss the hobgoblin.
The hobgoblin hits you with a +0 hand axe.
You barely miss the hobgoblin.
The hobgoblin hits you with a +0 hand axe.
You barely miss the hobgoblin.
The hobgoblin hits you but does no damage. x2
You closely miss the hobgoblin.
The hobgoblin hits you with a +0 hand axe.
* * * LOW HITPOINT WARNING * * *
You hit the hobgoblin.
The hobgoblin is moderately wounded.
The hobgoblin hits you with a +0 hand axe.
* * * LOW HITPOINT WARNING * * *
The hobgoblin hits you with a +0 hand axe.
You die...

#..#.....#..# #......)..#
#..#()...#..#
#...#...#...#
#...)###...#.#...
#...#..#..#...#.. ..#.
#..#...###.....###...#.
#.....#..#.....#..#......
#....#..@#.....#...#...#.
#.......#g#...#.#......#.
#......#...#.#...#.......
#........................
#.#...####.......##.##...
#....## ##.#.#.###.##...
####.# #.#.#.###.##...
#.# #.#......#.†... #.#
#.#.#...#.##†..


You could see a hobgoblin.

Vanquished Creatures
  A quokka (D:1)
  A bat (D:1)
  2 kobolds (D:1)
  2 rats (D:1)
6 creatures vanquished.

Notes
Turn   | Place    | Note
-------+----------+-------------------------------------------
     0 | D:1      | rabbitsville the Hill Orc Fighter began the quest for the
                  | Orb.
     0 | D:1      | Reached XP level 1. HP: 19/19 MP: 1/1
   102 | D:1      | Slain by a hobgoblin

Illustrated notes

Levels and vault maps discovered:
D:1:      reono_arrival_forest_river, layout_loops_ring,
          chequers_ecumenical_altar_grove, roderic_lattice_a,
          minmay_splitting_lines

Skill      XL: |  1 |
---------------+----+-----
Axes           | 3 |  3.0
Fighting       | |  3.8
Armour         | |  3.2
Shields        | |  3.3

Action                     || total
---------------------------++-------
  Melee: War axe           ||    15
 Armour: Scale mail        ||     6
  Dodge: Dodged            ||     5
  Block: Buckler           ||     3

Table legend: (Time is in decaauts)
 A = Elapsed time spent in this place.
 B = Non-inter-level travel time spent in this place.
 C = Inter-level travel time spent in this place.
 D = Time resting spent in this place.
 E = Time spent auto-exploring this place.
 F = Levels seen in this place.
 G = Mean time per level.
                   A        B        C        D        E       F      G
               +--------+--------+--------+--------+--------+-----+--------+
         Total |    110 |    110 |      0 |      0 |     57 |   1 |  110.0 |
       Dungeon |    110 |    110 |      0 |      0 |     57 |   1 |  110.0 |
               +--------+--------+--------+--------+--------+-----+--------+

Top non-repeatable levels by time:
     D:1: 110 daAuts
